[ AOE2 MATCH · #495868726 ]
UnrankedPoles vs Khmer
Player's team · LOSS
Rival team · WIN
[ REPLAY ANALYSIS · EXTRACTED FROM THE RECORDED GAME ]
Feudal
15:13
Castle
—
Imperial
—
| APM avg | 27.5 |
| APM peak | 49 |
| eAPM avg | 11.8 |
| Villagers / military | 42 / 9 |
Focus
⚔️ 18.0% · 🌾 82.0%
Fishing Ship ×5 · Scout Cavalry ×5 · Spearman ×4
Feudal
14:39
Castle
17:20
Imperial
—
| APM avg | 43.3 |
| APM peak | 87 |
| eAPM avg | 20.4 |
| Villagers / military | 33 / 18 |
Focus
⚔️ 14.9% · 🌾 85.1%
Knight ×18
Match map
Initial resources + every placement click. Lines = walls · curves = elevation contours. ◆ gold · ⬟ stone · ● berries · ✦ relic · ◌ wall gap
Your base· Open — 6t gap
1ØØ | Camilo's base· Open — unwalled flank
Smoothed initial terrain · ◌ = detected wall gap · hover for details
Inputs per minute
— tseungsiupang - - 1ØØ | Camilo
Build order — tseungsiupang
97 actions detected in the replay
| 1:14 | Build | Town Center |
| 2:58 | Build | House |
| 3:04 | Queue | Villager (Male) |
| 3:04 | Queue | Villager (Male) |
| 3:04 | Queue | Villager (Male) |
| 3:05 | Queue | Villager (Male) |
| 3:05 | Queue | Villager (Male) |
| 4:27 | Queue | Villager (Male) |
| 4:28 | Queue | Villager (Male) |
| 4:53 | Queue | Villager (Male) |
| 4:54 | Queue | Villager (Male) |
| 5:07 | Build | Dock |
| 5:16 | Build | House |
| 5:22 | Queue | Villager (Male) |
| 5:22 | Queue | Villager (Male) |
| 5:55 | Queue | Villager (Male) |
| 6:21 | Queue | Villager (Male) |
| 6:21 | Queue | Villager (Male) |
| 6:35 | Queue | Fishing Ship |
| 6:53 | Queue | Villager (Male) |
| 6:54 | Queue | Villager (Male) |
| 7:08 | Queue | Fishing Ship |
| 7:21 | Queue | Villager (Male) |
| 7:26 | Build | House |
| 8:12 | Queue | Villager (Male) |
| 8:13 | Queue | Villager (Male) |
| 8:24 | Queue | Fishing Ship |
| 8:40 | Queue | Villager (Male) |
| 8:40 | Queue | Villager (Male) |
| 8:45 | Build | House |
| 8:55 | Queue | Villager (Male) |
| 8:55 | Queue | Villager (Male) |
| 9:28 | Build | House |
| 9:43 | Queue | Villager (Male) |
| 9:43 | Queue | Villager (Male) |
| 9:43 | Queue | Villager (Male) |
| 10:09 | Build | Mill |
| 10:12 | Queue | Villager (Male) |
| 10:12 | Queue | Villager (Male) |
| 10:13 | Queue | Villager (Male) |
| 10:13 | Queue | Villager (Male) |
| 10:37 | Queue | Villager (Male) |
| 10:54 | Queue | Fishing Ship |
| 11:41 | Queue | Fishing Ship |
| 12:18 | Research | Loom |
| 12:50 | Queue | Villager (Male) |
| 13:01 | Research | Feudal Age |
| 13:14 | Build | Farm |
| 13:15 | Build | Farm |
| 13:15 | Build | Farm |
| 13:16 | Build | Farm |
| 13:22 | Build | Farm |
| 13:23 | Build | Farm |
| 13:26 | Build | Farm |
| 13:51 | Build | Barracks |
| 14:26 | Build | Mill |
| 14:49 | Build | Lumber Camp |
| 15:13 | Queue | Villager (Male) |
| 15:13 | Age | Feudal Age |
| 15:13 | Queue | Villager (Male) |
| 15:14 | Queue | Villager (Male) |
| 15:18 | Build | Stable |
| 15:56 | Research | Double-Bit Axe |
| 16:15 | Research | Horse Collar |
| 16:15 | Research | Horse Collar |
| 16:29 | Queue | Scout Cavalry |
| 16:29 | Queue | Scout Cavalry |
| 16:29 | Queue | Scout Cavalry |
| 16:29 | Queue | Scout Cavalry |
| 16:30 | Queue | Scout Cavalry |
| 16:40 | Build | Palisade Wall |
| 16:47 | Queue | Villager (Male) |
| 16:47 | Queue | Villager (Male) |
| 16:47 | Queue | Villager (Male) |
| 16:47 | Queue | Villager (Male) |
| 16:48 | Queue | Villager (Male) |
| 17:13 | Queue | Villager (Male) |
| 17:13 | Queue | Villager (Male) |
| 17:49 | Build | Farm |
| 17:51 | Build | Farm |
| 17:52 | Build | Farm |
| 17:54 | Build | Farm |
| 18:14 | Build | Blacksmith |
| 18:47 | Build | House |
| 18:54 | Build | Palisade Wall |
| 18:56 | Research | Castle Age |
| 19:18 | Build | House |
| 19:20 | Build | House |
| 19:26 | Build | Palisade Wall |
| 19:30 | Build | Palisade Wall |
| 19:42 | Build | Palisade Wall |
| 19:48 | Queue | Spearman |
| 19:48 | Queue | Spearman |
| 19:48 | Queue | Spearman |
| 19:48 | Queue | Spearman |
| 19:55 | Build | Palisade Wall |
| 20:14 | Build | Barracks |
Build order — 1ØØ | Camilo
81 actions detected in the replay
| 0:21 | Build | Town Center |
| 0:28 | Build | House |
| 0:33 | Build | House |
| 2:44 | Queue | Villager (Male) |
| 2:51 | Queue | Villager (Male) |
| 3:03 | Queue | Villager (Male) |
| 3:14 | Queue | Villager (Male) |
| 4:05 | Queue | Villager (Male) |
| 4:19 | Queue | Villager (Male) |
| 5:04 | Queue | Villager (Male) |
| 5:40 | Queue | Villager (Male) |
| 5:47 | Queue | Villager (Male) |
| 6:08 | Build | House |
| 6:14 | Queue | Villager (Male) |
| 6:19 | Queue | Villager (Male) |
| 6:33 | Queue | Villager (Male) |
| 6:46 | Build | Lumber Camp |
| 6:52 | Queue | Villager (Male) |
| 7:31 | Queue | Villager (Male) |
| 8:09 | Queue | Villager (Male) |
| 8:27 | Queue | Villager (Male) |
| 8:37 | Queue | Villager (Male) |
| 8:46 | Queue | Villager (Male) |
| 8:50 | Build | Mill |
| 9:17 | Queue | Villager (Male) |
| 9:57 | Build | House |
| 9:58 | Queue | Villager (Male) |
| 10:19 | Queue | Villager (Male) |
| 10:54 | Build | Mining Camp |
| 11:12 | Queue | Villager (Male) |
| 11:30 | Build | Farm |
| 11:37 | Queue | Villager (Male) |
| 12:03 | Queue | Villager (Male) |
| 12:16 | Research | Feudal Age |
| 12:19 | Build | Farm |
| 12:32 | Build | Farm |
| 12:45 | Build | Farm |
| 12:50 | Build | Farm |
| 13:02 | Queue | Villager (Male) |
| 13:10 | Build | House |
| 13:13 | Build | Farm |
| 13:30 | Build | Farm |
| 13:41 | Build | Farm |
| 14:03 | Build | Farm |
| 14:39 | Age | Feudal Age |
| 14:40 | Research | Castle Age |
| 14:40 | Research | Castle Age |
| 15:23 | Build | Stable |
| 16:16 | Build | Stable |
| 16:30 | Build | House |
| 16:34 | Queue | Villager (Male) |
| 16:39 | Queue | Villager (Male) |
| 17:06 | Build | House |
| 17:14 | Build | House |
| 17:20 | Age | Castle Age |
| 17:21 | Queue | Knight |
| 17:21 | Queue | Knight |
| 17:22 | Queue | Knight |
| 17:40 | Queue | Knight |
| 17:49 | Build | Farm |
| 17:55 | Queue | Villager (Male) |
| 17:58 | Queue | Knight |
| 17:58 | Queue | Knight |
| 18:11 | Queue | Knight |
| 18:12 | Queue | Knight |
| 18:15 | Build | Farm |
| 18:29 | Queue | Villager (Male) |
| 18:34 | Queue | Knight |
| 18:34 | Queue | Knight |
| 18:38 | Queue | Villager (Male) |
| 18:53 | Queue | Knight |
| 18:54 | Queue | Knight |
| 19:22 | Queue | Knight |
| 19:38 | Queue | Villager (Male) |
| 19:50 | Queue | Knight |
| 19:53 | Queue | Villager (Male) |
| 20:12 | Queue | Knight |
| 20:13 | Queue | Knight |
| 20:13 | Queue | Villager (Male) |
| 20:22 | Queue | Knight |
| 20:23 | Queue | Knight |
Match timeline
| 5:07 | tseungsiupang · first_building Dock |
| 13:51 | tseungsiupang · first_building Barracks |
| 14:39 | 1ØØ | Camilo · age_up feudal |
| 15:13 | tseungsiupang · age_up feudal |
| 15:18 | tseungsiupang · first_building Stable |
| 15:23 | 1ØØ | Camilo · first_building Stable |
| 16:40 | tseungsiupang · wall_segment Palisade Wall x1 |
| 17:20 | 1ØØ | Camilo · age_up castle |
| 18:54 | tseungsiupang · wall_segment Palisade Wall x1 |
| 19:26 | tseungsiupang · wall_segment Palisade Wall x1 |
| 19:30 | tseungsiupang · wall_segment Palisade Wall x1 |
| 19:42 | tseungsiupang · wall_segment Palisade Wall x1 |
| 19:55 | tseungsiupang · wall_segment Palisade Wall x1 |
| 20:24 | tseungsiupang · resign |
[ AI ANALYSIS · 1 CREDIT ]
What really happened in this match?
Wolo.gg analyzes every decision: build order, eco, micro, common mistakes by bracket. Personalized analysis on WhatsApp or Discord in 30 seconds.
Civ guide
Poles
Perfil
Jugador #2861202